 Dungeon Crawl Stone Soup version 0.29.0-4-gdea44cf6ec (webtiles) character file.

Game seed: 10175110245895138759

9688 quinnr the Devastator (level 11, -3/63 HPs)
             Began as a Tengu Conjurer on Aug 27, 2022.
             Was an Elder of Vehumet.
             Killed from afar by Fannar (38 damage)
             ... with a bolt of cold
             ... on level 10 of the Dungeon.
             The game lasted 00:33:28 (16149 turns).

quinnr the Devastator (Tengu Conjurer)             Turns: 16149, Time: 00:33:29

Health: -3/63      AC:  6    Str: 15    XL:     11   Next: 50%
Magic:  19/21      EV: 18    Int: 22    God:    Vehumet [****..]
Gold:   660        SH:  0    Dex: 12    Spells: 10/22 levels left

rFire   . . .      SeeInvis .   b - staff of poison {!a}
rCold   . . .      Faith    +   (no shield)
rNeg    + . .      Spirit   .   a - +0 robe
rPois   +          Reflect  .   i - +1 hat
rElec   .          Harm     .   q - +1 cloak
rCorr   .          Rampage  .   f - +0 pair of gloves
Will    .....                   (boots unavailable)
Stlth   ++........              D - amulet of faith {!P}
HPRegen 0.20/turn               S - +6 ring of strength
MPRegen 0.17/turn               N - ring of positive energy

@: flying quickly and evasively, invisible, quick
A: beak, talons 3, nimble flight
a: Renounce Religion


You were on level 10 of the Dungeon.
You worshipped Vehumet.
Vehumet was greatly pleased with you.
You visited 2 branches of the dungeon, and saw 11 of its levels.

You collected 742 gold pieces.
You spent 82 gold pieces at shops.


Innate Abilities, Weirdness & Mutations

You have a beak for a mouth.
You have claws for feet.
Your magical nature lets you fly swiftly and evasively.


   Skills:
 + Level 5.1 Fighting
 - Level 9.0 Dodging
 + Level 2.3 Stealth
 + Level 6.0 Spellcasting
 + Level 15.1 Conjurations
 - Level 4.0 Hexes
 + Level 4.0 Earth Magic


You had 10 spell levels left.
You knew the following spells:

 Your Spells              Type           Power      Damage    Failure   Level
d - Dazzling Flash        Conj/Hex       96%        N/A       1%          3
f - Foxfire               Conj/Fire      100%       2x1d9     1%          1
m - Magic Dart            Conj           100%       1d8       0%          1
s - Searing Ray           Conj           100%       2d8       1%          2
t - Static Discharge      Conj/Air       39%        3-8/arc   1%          2
w - Stone Arrow           Conj/Erth      96%        3d13      1%          3

Your spell library contained the following spells:

 Spells                   Type           Power      Damage    Failure   Level
 Hailstorm                Conj/Ice       39%        3d9       1%          4
 Sandblast                Erth           48%        2d12      1%          1
 Conjure Flame            Conj/Fire      39%        6-21      1%          3
 Flame Wave               Conj/Fire      39%        2d11      1%          4
 Fulminant Prism          Conj/Hex       24%        3d13      1%          4
 Iskenderun's Mystic Bla  Conj/Tloc      39%        2d9       1%          4
 Inner Flame              Hex/Fire       15%        N/A       3%          3
 Passwall                 Tmut/Erth      12%        N/A       6%          2
 Frozen Ramparts          Ice            12%        1d2       7%          3
 Iron Shot                Conj/Erth      24%        9d5       7%          6
 Apportation              Tloc           12%        N/A       9%          1
 Necrotise                Necr           24%        1d5       9%          1
 Summon Small Mammal      Summ           24%        N/A       9%          1
 Lee's Rapid Deconstruct  Erth           12%        3d9*      13%         5
 Blink                    Tloc           12%        N/A       14%         2
 Leda's Liquefaction      Hex/Erth       12%        N/A       17%         4
 Lesser Beckoning         Tloc           6%         N/A       26%         3
 Animate Armour           Summ/Erth      30%        N/A       36%         4
 Ice Form                 Ice/Tmut       6%         N/A       65%         4
 Summon Ice Beast         Ice/Summ       6%         N/A       65%         4
 Blade Hands              Tmut           3%         N/A       94%         5
 Manifold Assault         Tloc           6%         N/A       94%         5
 Statue Form              Tmut/Erth      10%        N/A       99%         6

Inventory:

Hand Weapons
 p - a +3 quarterstaff of chaos
 x - a +3 dagger
Missiles
 u - 3 curare-tipped darts {=f}
Armour
 a - a +0 robe (worn)
 f - a +0 pair of gloves (worn)
 h - a +0 cloak
 i - a +1 hat (worn)
 q - a +1 cloak (worn)
Magical Staves
 b - a staff of poison (weapon) {!a}
 s - a staff of cold {!a}
Jewellery
 D - an amulet of faith (around neck) {!P}
 M - an amulet of reflection
 N - a ring of positive energy (right hand)
 S - a +6 ring of strength (left hand)
Wands
 n - a wand of flame (20)
 y - a wand of charming (9)
 C - a wand of digging (5)
 L - a wand of iceblast (9)
Scrolls
 d - 3 scrolls of teleportation {@r2}
 j - a scroll of poison
 m - a scroll of enchant armour {unknown}
 r - a scroll of noise {unknown}
 t - a scroll of blinking {unknown}
 z - a scroll of fog {unknown}
 B - 3 scrolls of fear
 G - a scroll of immolation {unknown}
 H - a scroll of brand weapon {unknown}
 I - a scroll of vulnerability {unknown}
 J - 2 scrolls of identify {@r1}
Potions
 c - 8 potions of heal wounds {@q2}
 e - 6 potions of curing {@q1}
 g - a potion of berserk rage {unknown}
 k - a potion of cancellation {unknown}
 l - a potion of might
 o - 13 potions of degeneration
 v - a potion of ambrosia {unknown}
 w - a potion of lignification {unknown}
 A - a potion of invisibility
 F - a potion of flight {unknown}
 K - a potion of brilliance {unknown}

Dungeon Overview and Level Annotations

Branches:
Dungeon (10/15)            Temple (1/1) D:4             Orc (0/2) D:9
   Lair: D:8-11

Altars:
Ashenzari
Cheibriados
Dithmenos
Elyvilon
Fedhas
Gozag
Hepliaklqana
Kikubaaqudgha
Makhleb
Nemelex Xobeh
Okawaru
Qazlal
Ru
Sif Muna
Trog
Uskayaw
Vehumet
Wu Jian
Xom
Yredelemnul
Zin
The Shining One

Shops:
D:1 [   D:2 (   D:6 ?

Annotations:
D:10 Fannar

## #.# #######'## .##########.##
#....)...#
.'..#........###........#
.##>...........#........#
.####........#.'........# .##
#........###........# ..#
#.#'#....# ##e#.....###
#.#####.##..## ##Y##......###
#..###...##..###@..###'##...#
##'##..⌠..##'##..⌠..##'####.####
#...##...##...##...##...###....##
.....##.##.....##.##)....##.##..#
..♣...#'#.......#'#...♣...#+###.#
.....##.##.....##.##.....##.###.#
#...##...##...##...##...##...##.#
##'##.....##'##.....##'##.....'.#
#...##...##...##...##...##...##.#


You could see Fannar (unable to see you) and an ice beast (summoned, unable to
see you).


Message History

Fannar is almost dead.
Fannar mumbles some strange words.
Fannar drains the heat from the surrounding environment!
The ice beast completely resists.
Unknown command.
You fade into invisibility!
Fannar hits you but does no damage. Fannar freezes you!
Unknown command.
Magic courses through your body.
Unknown command.
Casting: Magic Dart (safe; 0% risk of failure)
Confirm with . or Enter, or press ? or * to list all spells.
Aiming: Searing Ray (safe; 1% risk of failure)
Press: ? - help, Shift-Dir - straight line, f/p - Fannar
Aim: Fannar, wielding a staff of cold and wearing a +1 robe of cold resistance (almost dead, unable to see you, 72% to hit)
The searing ray hits the ice beast.
The ice beast is lightly wounded.
The searing ray hits Fannar.
Fannar is almost dead. (Press . to maintain the ray.)
The searing ray hits the ice beast.
The ice beast is moderately wounded.
The searing ray hits Fannar but does no damage.
Fannar is almost dead.
The ice beast closely misses you. Fannar casts a spell at you.
The bolt of cold hits the ice beast.
The ice beast completely resists.
The bolt of cold hits you!!!
Ouch! That really hurt!
You die...

Skill      XL: |  1  2  3  4  5  6  7  8  9 10 11 |
---------------+----------------------------------+-----
Conjurations   | 6 7 8 9 10 13 15 | 15.1
Earth Magic    | 1 2 3 4 |  4.0
Spellcasting   | 3 4 6 |  6.0
Hexes          | 2 4 |  4.0
Fighting       | 4 5 |  5.1
Dodging        | 5 9 |  9.0
Stealth        | |  2.3

Action                   |  1- 3 |  4- 6 |  7- 9 | 10-12 || total
-------------------------+-------+-------+-------+-------++-------
Melee: Unarmed           |     5 |       |       |       ||     5
       Peck              |     3 |       |     1 |     1 ||     5
       Kick              |     3 |       |       |     2 ||     5
       Staff             |       |       |     5 |    10 ||    15
 Cast: Magic Dart        |    73 |    75 |    99 |    81 ||   328
       Searing Ray       |     1 |     3 |    12 |    18 ||    34
       Stone Arrow       |       |    12 |    84 |    73 ||   169
       Foxfire           |       |       |    35 |    27 ||    62
       Static Discharge  |       |       |       |     8 ||     8
       Dazzling Flash    |       |       |       |     6 ||     6
Evoke: Wand              |       |       |     2 |     3 ||     5
  Use: Potion            |       |       |     7 |     2 ||     9
       Scroll            |       |       |     7 |     1 ||     8
Armor: Robe              |     7 |     2 |    16 |    15 ||    40
Dodge: Dodged            |     7 |     6 |    64 |    43 ||   120

Levels and vault maps discovered:
D:1:      minmay_arrival_floating_metal, layout_basic, serial_shops, shop,
          minmay_nonomino_d4
D:2:      layout_loops_ring, serial_shops, shop, uniq_crazy_yiuf_cottage
D:3:      layout_basic, minmay_goblin_outpost
D:4:      layout_cave_pools, minmay_temple_entry_crystal_x, serial_park,
          serial_park_fountain, serial_park_square3
          [serial_park_minivault_5x5_6], serial_park_avenue1,
          serial_park_tiny_1, serial_park_tiny_pond, minmay_ruptured,
          uniq_sigmund
D:5:      layout_loops_ring, mainiacjoe_overflow_six_doors_small,
          nicolae_eternal_life
D:6:      layout_basic, led_sif_pool, serial_shops, nicolae_shop_hallway_stairs,
          nicolae_grassy_gnolls
D:7:      layout_basic, mainiacjoe_overflow_tiny_flanked
D:8:      layout_basic, serial_glass, glass_columns_a, glass_columns_c,
          glass_columns_b, glass_columns_a, grunt_ministairs_14,
          lemuel_old_faithful, uniq_pikel
D:9:      layout_loops_ring, erik_orc_1
D:10:     layout_roguey, mainiacjoe_overflow_catwalk, nicolae_hexahallways,
          kennysheep_generic_room_15, uniq_fannar
Temple:   nicolae_temple_bog_church

Notes
Turn   | Place    | Note
-------+----------+-------------------------------------------
     0 | D:1      | quinnr the Tengu Conjurer began the quest for the Orb.
     0 | D:1      | Reached XP level 1. HP: 10/10 MP: 4/4
   257 | D:1      | Reached skill level 6 in Conjurations
   257 | D:1      | Reached XP level 2. HP: 15/15 MP: 1/6
   448 | D:1      | You fall into a shaft and drop 1 floor!
   789 | D:1      | Found Xiseof's Armour Shoppe.
   796 | D:1      | Bought a +0 pair of gloves for 54 gold pieces
   847 | D:1      | Reached XP level 3. HP: 19/19 MP: 4/7
   960 | D:1      | Learned a level 3 spell: Stone Arrow
  1635 | D:2      | Learned a level 2 spell: Searing Ray
  1813 | D:2      | Found Uponohiy's Weapon Shop.
  2338 | D:2      | Found a runed translucent door.
  2374 | D:3      | Reached XP level 4. HP: 24/24 MP: 6/8
  3024 | D:3      | Reached skill level 1 in Earth Magic
  3357 | D:3      | Reached skill level 7 in Conjurations
  3554 | D:4      | Noticed Sigmund
  3555 | D:4      | Noticed a scorpion
  3691 | D:4      | Noticed a scorpion
  3959 | D:4      | Killed a scorpion
  3960 | D:4      | Reached skill level 3 in Spellcasting
  3960 | D:4      | Gained mutation: Your magical nature lets you fly swiftly
                  | and evasively. [Tengu growth]
  3960 | D:4      | Reached XP level 5. HP: 28/28 MP: 0/10
  4057 | D:2      | Noticed Crazy Yiuf
  4082 | D:2      | Killed Crazy Yiuf
  4221 | D:4      | Reached skill level 2 in Earth Magic
  4221 | D:4      | Reached XP level 6. HP: 32/32 MP: 4/11
  4453 | D:4      | Reached skill level 8 in Conjurations
  4741 | D:4      | Found a staircase to the Ecumenical Temple.
  4751 | Temple   | Entered the Ecumenical Temple
  4864 | Temple   | Became a worshipper of Vehumet
  4970 | D:4      | Killed Sigmund
  4971 | D:4      | Reached skill level 3 in Earth Magic
  4971 | D:4      | Reached XP level 7. HP: 36/36 MP: 0/12
  5579 | D:4      | Reached skill level 9 in Conjurations
  6026 | D:4      | Found a staircase to the Ecumenical Temple.
  6295 | D:5      | Entered Level 5 of the Dungeon
  6559 | D:5      | Found a hazy altar of Hepliaklqana.
  6788 | D:4      | Reached XP level 8. HP: 24/41 MP: 0/13
  6792 | D:4      | Learned a level 3 spell: Dazzling Flash
  7456 | D:6      | Reached skill level 4 in Earth Magic
  7714 | D:6      | Reached skill level 1 in Hexes
  7773 | D:6      | Reached skill level 10 in Conjurations
  8097 | D:6      | Reached skill level 4 in Spellcasting
  8385 | D:6      | Reached * piety under Vehumet
  8385 | D:6      | Offered knowledge of Foxfire by Vehumet.
  8386 | D:6      | Reached skill level 2 in Hexes
  8388 | D:6      | Learned a level 1 spell: Foxfire
  8508 | D:6      | HP: 3/41 [centaur/arrow (5)]
  9004 | D:6      | Found a shimmering blue altar of Sif Muna.
  9018 | D:6      | Found Hacafups's Magic Scroll Shop.
  9026 | D:6      | Bought a scroll of identify for 28 gold pieces
  9134 | D:7      | Reached XP level 9. HP: 45/45 MP: 13/17
  9334 | D:7      | Found a snail-covered altar of Cheibriados.
  9346 | D:7      | Reached skill level 11 in Conjurations
  9347 | D:7      | Reached skill level 5 in Spellcasting
  9467 | D:7      | Reached skill level 3 in Hexes
 10458 | D:8      | Offered knowledge of Poisonous Vapours by Vehumet.
 10463 | D:7      | Reached ** piety under Vehumet
 11042 | D:8      | Noticed Pikel
 11295 | D:8      | Reached skill level 6 in Spellcasting
 11299 | D:8      | Reached skill level 4 in Hexes
 11308 | D:8      | Reached skill level 12 in Conjurations
 11505 | D:8      | Offered knowledge of Static Discharge by Vehumet.
 11509 | D:8      | Learned a level 2 spell: Static Discharge
 11645 | D:8      | Reached skill level 13 in Conjurations
 11786 | D:8      | Reached XP level 10. HP: 41/50 MP: 12/20
 11792 | D:8      | Reached skill level 14 in Conjurations
 12528 | D:8      | Killed Pikel
 12750 | D:9      | Reached *** piety under Vehumet
 12758 | D:9      | Reached skill level 15 in Conjurations
 12912 | D:9      | Reached skill level 1 in Fighting
 13142 | D:9      | Offered knowledge of Inner Flame by Vehumet.
 13147 | D:9      | Reached skill level 3 in Dodging
 13170 | D:9      | Noticed a two-headed ogre
 13182 | D:9      | Reached skill level 2 in Fighting
 13274 | D:9      | Killed a two-headed ogre
 13275 | D:9      | Reached skill level 3 in Fighting
 13275 | D:9      | Reached skill level 4 in Dodging
 13586 | D:9      | Noticed a kobold demonologist
 13663 | D:9      | Reached **** piety under Vehumet
 13753 | D:9      | Killed a kobold demonologist
 13754 | D:9      | Reached skill level 4 in Fighting
 13754 | D:9      | Reached skill level 5 in Dodging
 13766 | D:9      | Noticed a kobold demonologist
 13779 | D:9      | Noticed a soul eater
 13781 | D:9      | Killed a kobold demonologist
 13921 | D:9      | Offered knowledge of Hailstorm by Vehumet.
 13922 | D:9      | Reached XP level 11. HP: 54/62 MP: 10/21
 14012 | D:9      | Found a staircase to the Orcish Mines.
 14289 | D:9      | Reached skill level 6 in Dodging
 14565 | D:9      | Noticed a two-headed ogre
 14591 | D:9      | Killed a two-headed ogre
 14592 | D:9      | Reached skill level 5 in Fighting
 14592 | D:9      | Reached skill level 7 in Dodging
 14735 | D:10     | Entered Level 10 of the Dungeon
 15044 | D:10     | Reached skill level 8 in Dodging
 15119 | D:10     | Noticed a two-headed ogre
 15123 | D:10     | Killed a two-headed ogre
 15179 | D:10     | Found a stormy altar of Qazlal.
 15535 | D:10     | Reached skill level 9 in Dodging
 15810 | D:10     | Noticed Fannar
 16149 | D:10     | Killed from afar by Fannar

Vanquished Creatures
  3 two-headed ogres
  Pikel (D:8)
  An unseen horror (D:10)
  3 kobold demonologists
  A troll (D:10)
  A hornet (D:9)
  Sigmund (D:4)
  A wraith (D:9)
  9 yaks
  3 orc warriors (D:9)
  A swamp drake (D:9)
  3 ice beasts
  2 sky beasts (D:7)
  2 ogres
  6 centaurs
  4 lemures
  9 kobold brigands
  A phantom (D:4)
  4 bullfrogs
  A gnoll sergeant (D:9)
  3 scorpions
  9 wights
  A jelly (D:6)
  3 killer bees (D:8)
  2 howler monkeys (D:6)
  6 orc priests
  Crazy Yiuf (D:2)
  7 hounds
  2 gnoll boudas
  3 iguanas
  9 orc wizards
  7 gnolls
  7 adders
  3 worms
  4 dart slugs
  29 orcs
  5 ball pythons
  3 endoplasms
  4 giant cockroaches
  14 goblins
  6 hobgoblins
  6 jackals
  36 kobolds
  7 quokkas
  5 bats
  2 frilled lizards
  6 rats
247 creatures vanquished.

Vanquished Creatures (others)
  3 kobolds (D:8)
  90 foxfires
  4 fungi
  17 plants (D:6)
114 creatures vanquished.

Grand Total: 361 creatures vanquished

Table legend: (Time is in decaauts)
 A = Elapsed time spent in this place.
 B = Non-inter-level travel time spent in this place.
 C = Inter-level travel time spent in this place.
 D = Time resting spent in this place.
 E = Time spent auto-exploring this place.
 F = Levels seen in this place.
 G = Mean time per level.
                   A        B        C        D        E       F      G
               +--------+--------+--------+--------+--------+-----+--------+
         Total |  15650 |  15060 |    590 |   3059 |   9987 |  11 | 1422.7 |
       Dungeon |  15431 |  14859 |    572 |   2978 |   9887 |  10 | 1543.1 |
        Temple |    219 |    202 |     17 |     81 |    100 |   1 |  219.0 |
               +--------+--------+--------+--------+--------+-----+--------+

Top non-repeatable levels by time:
     D:8: 2222 daAuts
     D:3: 1866 daAuts
     D:9: 1779 daAuts
     D:4: 1719 daAuts
     D:6: 1551 daAuts
     D:1: 1304 daAuts
     D:2: 1274 daAuts
    D:10: 1268 daAuts
     D:5: 1223 daAuts
     D:7: 1219 daAuts
  Temple: 219 daAuts

Table legend:
 A = Non-vault XP
 B = Vault XP
 C = Vault XP percentage of total XP
 D = Non-vault monster count
 E = Vault monster count
 F = Vault count percentage of total count
                 A         B        C        D         E       F
            +---------+---------+-------+---------+---------+-------
      Total |   11017 |    2824 |  20.4 |     202 |      41 |  16.9
            +---------+---------+-------+---------+---------+-------
        D:1 |      35 |       6 |  14.6 |      20 |       4 |  16.7
        D:2 |      40 |      42 |  51.2 |      14 |       1 |   6.7
        D:3 |      39 |      12 |  23.5 |      15 |       6 |  28.6
        D:4 |     437 |     392 |  47.3 |      21 |       6 |  22.2
        D:5 |     398 |       0 |   0.0 |       9 |       0 |   0.0
        D:6 |     897 |      39 |   4.2 |      18 |       1 |   5.3
        D:7 |     909 |       0 |   0.0 |      17 |       0 |   0.0
        D:8 |    2014 |     912 |  31.2 |      34 |       5 |  12.8
        D:9 |    3743 |     589 |  13.6 |      36 |      17 |  32.1
       D:10 |    2505 |     832 |  24.9 |      18 |       1 |   5.3
            +---------+---------+-------+---------+---------+-------
